 Dungeon Crawl Stone Soup version 0.26-a0-64-g059e62fbdb (webtiles) character file.

Game seed: 12337649435483217619

34560 Hasart the Tainter (level 13, -5/63 HPs)
             Began as a Gargoyle Venom Mage on June 11, 2020.
             Was a High Priest of Sif Muna.
             Slain by a black mamba (6 damage)
             ... on level 6 of the Lair of Beasts.
             The game lasted 00:44:14 (21825 turns).

Hasart the Tainter (Gargoyle Venom Mage)           Turns: 21825, Time: 00:44:15

Health: -5/63      AC: 29    Str: 13    XL:     13   Next: 78%
Magic:  20/25      EV: 13    Int: 20    God:    Sif Muna [*****.]
Gold:   785        SH:  0    Dex: 10    Spells: 12/28 levels left

rFire    . . .     SeeInvis +   B - +5 spear (venom)
rCold    . . .     Gourm    .   (no shield)
rNeg     + . .     Faith    .   I - +2 swamp dragon scales
rPois    ∞         Spirit   .   J - +1 hat {SInv}
rElec    +         Reflect  .   R - +0 cloak (curse)
rCorr    .         Harm     .   r - +0 pair of gloves
MR       +....                  G - +1 pair of boots
Stlth    +.........             (no amulet)
HPRegen  0.20/turn              p - +4 ring of protection
MPRegen  0.19/turn              M - ring of protection from magic

@: marked, frozen ramparts
A: negative energy resistance 1, electricity resistance, unbreathing,
petrification resistance, rot immunity, AC +9
a: Channel Magic, Forget Spell, Divine Exegesis, Renounce Religion


You were on level 6 of the Lair of Beasts.
You worshipped Sif Muna.
Sif Muna was extremely pleased with you.
You were hungry.

You visited 3 branches of the dungeon, and saw 18 of its levels.

You collected 785 gold pieces.

Inventory:

Hand Weapons
 B - a +5 spear of venom (weapon)
Armour
 r - a +0 pair of gloves (worn)
 v - a +0 robe of cold resistance
 y - a +2 robe of magic resistance
 G - a +1 pair of boots (worn)
 I - +2 swamp dragon scales (worn)
 J - a +1 hat of see invisible (worn)
 R - a cursed +0 cloak (worn)
Jewellery
 p - a +4 ring of protection (left hand)
 s - an uncursed ring of see invisible
 M - a ring of protection from magic (right hand)
 N - an uncursed amulet of regeneration {unknown}
 S - an uncursed ring of magical power
 V - an uncursed amulet of reflection {unknown}
Wands
 a - a wand of flame (51)
 d - a wand of acid (12)
 w - a wand of paralysis (17)
 D - a wand of random effects (54)
 H - a wand of enslavement (8)
 T - a wand of disintegration (11)
 U - a wand of clouds (2)
 W - a wand of digging (5)
Scrolls
 g - 3 scrolls of immolation {unknown}
 i - 7 scrolls of remove curse
 j - 10 scrolls of identify
 k - 8 scrolls of magic mapping
 l - 3 scrolls of enchant armour
 m - 2 scrolls of fog {unknown}
 n - 4 scrolls of teleportation
 o - 4 scrolls of blinking {unknown}
 u - a scroll of noise {unknown}
 x - 4 scrolls of enchant weapon {unknown}
 z - a scroll of brand weapon {unknown}
 A - 2 scrolls of fear {unknown}
 E - 5 scrolls of amnesia {unknown}
 F - a scroll of silence {unknown}
 P - 2 scrolls of random uselessness {unknown}
 Q - 2 scrolls of acquirement {unknown}
 X - a scroll of vulnerability {unknown}
Potions
 b - 3 potions of degeneration {unknown}
 e - 4 potions of lignification {unknown}
 f - 3 potions of invisibility
 h - 10 potions of curing {unknown}
 q - 3 potions of heal wounds {unknown}
 t - 2 potions of stabbing {unknown}
 C - 2 potions of flight {unknown}
 K - 2 potions of mutation {unknown}
 L - a potion of resistance {unknown}
 O - 4 potions of might {unknown}
 Y - a potion of ambrosia {unknown}
Comestibles
 c - 33 rations


   Skills:
 - Level 5.0 Armour
 - Level 7.0 Dodging
 - Level 2.1 Stealth
 + Level 8.4 Spellcasting
 - Level 6.0 Conjurations
 - Level 5.0 Transmutations
 - Level 5.0 Fire Magic
 * Level 9.4 Ice Magic
 - Level 4.0 Air Magic
 - Level 12.0 Poison Magic
 - Level 7.0 Invocations


You had 12 spell levels left.
You knew the following spells:

 Your Spells              Type           Power        Failure   Level  Hunger
a - Sting                 Tmut/Pois      ####         1%          1    None
b - Poisonous Vapours     Pois/Air       #####.       1%          2    None
c - Mephitic Cloud        Conj/Pois/Air  #####...     2%          3    None
d - Olgreb's Toxic Radia  Pois           ######..     1%          4    ###....
e - Ignite Poison         Fire/Tmut/Pois #####...     2%          3    None
f - Frozen Ramparts       Ice            #####.       1%          3    None

Your spell library contained the following spells:

 Spells                   Type           Power        Failure   Level  Hunger
 Freeze                   Ice            ####         1%          1    None
 Ozocubu's Armour         Chrm/Ice       ####....     7%          3    None
 Hailstorm                Conj/Ice       #####...     7%          4    ###....
 Animate Skeleton         Necr           N/A          16%         1    None
 Pain                     Necr           #...         16%         1    None
 Summon Ice Beast         Ice/Summ       ####....     22%         4    ###....
 Confusing Touch          Hex            #.......     43%         3    None
 Gell's Gravitas          Tloc           #.........   43%         3    None
 Recall                   Summ/Tloc      N/A          43%         3    None
 Vampiric Draining        Necr           #.........   43%         3    None
 Petrify                  Tmut/Erth      ###.....     50%         4    ###....
 Metabolic Englaciation   Hex/Ice        ####......   54%         5    #####..
 Animate Dead             Necr           N/A          85%         4    ###....
 Yara's Violent Unravell  Hex/Tmut       ###.......   85%         5    #####..
 Agony                    Necr           #.......     99%         5    #####..
 Aura of Abjuration       Summ           #.........   99%         5    #####..
 Summon Demon             Summ           #.........   99%         5    #####..
 Summon Forest            Summ/Tloc      #.........   99%         5    #####..
 Summon Mana Viper        Hex/Summ       #.......     99%         5    #####..
 Shadow Creatures         Summ           N/A          100%        6    ######.


Dungeon Overview and Level Annotations

Branches:
Dungeon (11/15)            Temple (1/1) D:7            Lair (6/6) D:9
  Swamp (0/4) Lair:3       Spider (0/4) Lair:3
  Slime: Lair:5-6       Orc: D:9-12

Altars:
Ashenzari
Cheibriados
Dithmenos
Elyvilon
Fedhas
Gozag
Hepliaklqana
Kikubaaqudgha
Makhleb
Nemelex Xobeh
Okawaru
Qazlal
Ru
Sif Muna
Trog
Uskayaw
Vehumet
Wu Jian
Xom
Yredelemnul
Zin
The Shining One

Shops:
D:4 [

Annotations:
D:7 1 runed translucent door, Lanoc's ghost, novice OpFE
Lair:3 1 runed translucent door, Tised's ghost, journeyman DsAs


Innate Abilities, Weirdness & Mutations

You are resistant to torment.
Your stone body is resilient. (AC +9)
You are immune to poison.
You resist negative energy. (rN+)
You are resistant to electric shocks. (rElec)
You can survive without breathing.
You are immune to petrification.
You are immune to rotting.


Message History

The black mamba is moderately wounded.
The black mamba bites you but does no damage. x2
You miss the black mamba.
The black mamba is moderately wounded.
The black mamba bites you!
* * * LOW HITPOINT WARNING * * *
A lava snake comes into view.
The black mamba completely misses you.
You puncture the black mamba!
The black mamba is heavily wounded.
The black mamba closely misses you.
The black mamba bites you but does no damage. x2
Unknown command.
Casting: Sting (safe; 1% risk of failure)
Confirm with . or Enter, or press ? or * to list all spells.
The walls around you are covered in ice.
The wall freezes the black mamba.
The black mamba bites you!
* * * LOW HITPOINT WARNING * * *
The wall freezes the black mamba.
The black mamba bites you.
You die...

#. #≈ §§≈§## ##§
.§§S§≈### §≈ ....§≈≈≈##
≈# .........#### §#
≈...........#### §#
≈.............# #
≈≈≈#.S.......# ##
#.§§#S@....# .##
##....##.≈#.....##
..#≈#......#.≈...†..#
..#≈#.. ..#§.......#
..≈≈#. ..#§#§.....#8#
≈≈≈≈# $$#≈≈#......#
#≈≈§## ?##§≈##.##8#8#
..≈≈§######≈§≈≈..######
..#≈§§≈§§§≈#§≈..≈≈#


You could see 2 black mambas and a lava snake.

Vanquished Creatures
  Gastronok (D:8)
  4 hydras
  4 death yaks (Lair:5)
  Pikel (D:8)
  A lindwurm (Lair:6)
  An oklob plant (Lair:5)
  3 elephants
  A centaur zombie (D:10)
  5 black mambas
  Psyche (D:9)
  2 molten gargoyles (Lair:6)
  6 spiny frogs
  Maggie (D:8)
  A freezing wraith (D:10)
  10 komodo dragons
  2 rime drakes
  A bog body (Lair:3)
  9 blink frogs
  2 hornets (D:10)
  A slime creature (Lair:2)
  11 hippogriffs
  2 wyverns (Lair:6)
  11 yaks
  8 basilisks
  A steam dragon (Lair:6)
  7 water moccasins
  4 hell hounds (Lair:6)
  19 porcupines
  An orc warrior (D:9)
  6 sky beasts
  4 slaves (D:8)
  A black bear (D:10)
  2 ice beasts
  9 wolves
  4 ogres
  2 phantoms
  2 centaurs
  10 crocodiles
  A big kobold (D:8)
  A gnoll sergeant (D:7)
  Blork the orc (D:4)
  8 bullfrogs
  5 killer bees (D:10)
  4 scorpions
  8 wights
  5 howler monkeys
  3 electric eels
  2 crimson imps
  4 lava snakes (Lair:6)
  8 hounds
  A quasit (D:10)
  A bullfrog zombie (D:9)
  2 bullfrog skeletons
  2 centaur skeletons (D:4)
  4 orc wizards
  4 orc priests
  11 jellies
  2 gnoll shamans
  2 iguanas
  8 worker ants
  2 hound zombies
  A hound skeleton (D:9)
  A howler monkey zombie (D:7)
  2 worker ant zombies (D:5)
  18 gnolls
  10 adders
  3 shadow imps
  11 oozes (Lair:2)
  An adder zombie (D:8)
  2 adder skeletons
  4 worms
  A dart slug (D:2)
  5 leopard geckos
  24 orcs
  2 ball pythons
  3 giant cockroaches
  12 goblins
  6 hobgoblins
  4 jackals (D:2)
  6 quokkas
  A ball python skeleton (D:4)
  8 bats
  5 frilled lizards
  9 kobolds
  A quokka zombie (D:9)
  12 rats
  A bush (Lair:5)
  A butterfly (D:9)
  2 fungi (Lair:5)
  3 plants
409 creatures vanquished.

Vanquished Creatures (others)
  2 wyverns
  A quokka (D:5)
  8 fungi
  4 plants
  2 withered plants (Lair:3)
17 creatures vanquished.

Grand Total: 426 creatures vanquished

Notes
Turn   | Place    | Note
-------+----------+-------------------------------------------
     0 | D:1      | Hasart the Gargoyle Venom Mage began the quest for the Orb.
     0 | D:1      | Reached XP level 1. HP: 10/10 MP: 3/3
   243 | D:1      | Reached XP level 2. HP: 15/15 MP: 3/5
   335 | D:1      | Reached skill level 1 in Transmutations
  1252 | D:2      | Reached XP level 3. HP: 19/19 MP: 3/6
  1256 | D:2      | Learned a level 2 spell: Poisonous Vapours
  1555 | D:2      | Found a glowing golden altar of the Shining One.
  1838 | D:2      | Reached XP level 4. HP: 13/24 MP: 0/7
  2252 | D:2      | Reached skill level 4 in Poison Magic
  2550 | D:2      | Learned a level 3 spell: Mephitic Cloud
  2720 | D:2      | Reached XP level 5. HP: 24/28 MP: 3/9
  4085 | D:4      | Found Reeg's Armour Boutique.
  4097 | D:4      | You fall into a shaft and drop 3 floors!
  4097 | D:7      | Noticed an ogre
  4117 | D:7      | Killed an ogre
  4117 | D:7      | Reached XP level 6. HP: 6/32 MP: 2/10
  4382 | D:7      | Found a runed translucent door.
  4382 | D:7      | Noticed Lanoc's ghost (novice OpFE)
  4421 | D:7      | Reached skill level 5 in Poison Magic
  4483 | D:7      | Noticed a phantom
  4668 | D:5      | Entered Level 5 of the Dungeon
  4668 | D:5      | Found a transporter.
  4742 | D:4      | Reached XP level 7. HP: 36/36 MP: 6/12
  4812 | D:4      | Learned a level 3 spell: Ignite Poison
  5605 | D:4      | Reached skill level 1 in Conjurations
  5605 | D:4      | Reached skill level 1 in Fire Magic
  5835 | D:4      | Reached skill level 1 in Air Magic
  5908 | D:4      | Found a bloodstained altar of Trog.
  5911 | D:4      | Found a sacrificial altar of Ru.
  5911 | D:4      | Noticed Blork the orc
  5921 | D:4      | Killed Blork the orc
  5921 | D:4      | Reached skill level 6 in Poison Magic
  5921 | D:4      | Reached XP level 8. HP: 34/41 MP: 2/13
  6009 | D:4      | Found a sparkling altar of Nemelex Xobeh.
  6023 | D:4      | Found an ancient bone altar of Kikubaaqudgha.
  6554 | D:5      | Found a transporter.
  6640 | D:5      | Learned a level 4 spell: Olgreb's Toxic Radiance
  7116 | D:5      | Found a white marble altar of Elyvilon.
  7398 | D:6      | Reached XP level 9. HP: 45/45 MP: 15/15
  7474 | D:6      | Reached skill level 7 in Poison Magic
  8567 | D:7      | Found a staircase to the Ecumenical Temple.
  8675 | Temple   | Entered the Ecumenical Temple
  8686 | Temple   | Became a worshipper of Sif Muna the Loreminder
  9279 | D:8      | Reached skill level 1 in Invocations
  9464 | D:8      | Noticed Maggie
  9464 | D:8      | Noticed Pikel
  9473 | D:8      | Killed Pikel
  9473 | D:8      | Reached skill level 5 in Spellcasting
  9473 | D:8      | Reached skill level 8 in Poison Magic
  9473 | D:8      | Reached XP level 10. HP: 50/50 MP: 6/17
  9612 | D:8      | Killed Maggie
  9671 | D:8      | Reached * piety under Sif Muna
  9807 | D:8      | Noticed Gastronok
  9909 | D:8      | Killed Gastronok
  9909 | D:8      | Reached skill level 1 in Armour
  9909 | D:8      | Reached skill level 5 in Dodging
  9909 | D:8      | Reached skill level 5 in Conjurations
 10076 | D:8      | Found a hide-covered altar of Uskayaw.
 10080 | D:8      | Found a shattered altar of Ashenzari.
 10083 | D:8      | Found a blossoming altar of Fedhas.
 10084 | D:8      | Found an ornate altar of the Wu Jian Council.
 10170 | D:8      | Found a basalt altar of Yredelemnul.
 10522 | D:9      | Noticed Psyche
 10528 | D:9      | Killed Psyche
 10528 | D:9      | Reached skill level 9 in Poison Magic
 10776 | D:9      | Reached XP level 11. HP: 54/54 MP: 8/19
 10859 | D:9      | Found a staircase to the Lair.
 10956 | D:9      | Reached skill level 5 in Transmutations
 10961 | D:9      | Learned a level 3 spell: Frozen Ramparts
 11191 | D:9      | Reached ** piety under Sif Muna
 11206 | D:9      | Reached skill level 5 in Fire Magic
 11302 | D:9      | Found a shimmering altar of Xom.
 12010 | D:10     | Entered Level 10 of the Dungeon
 12074 | D:10     | Reached skill level 1 in Ice Magic
 12851 | D:10     | Got a transparent robe
 12853 | D:10     | Identified the +5 robe of Context {rElec rF+ rC- SInv} (You
                  | found it on level 10 of the Dungeon)
 13372 | Lair:1   | Entered Level 1 of the Lair of Beasts
 14589 | Lair:2   | Reached skill level 10 in Poison Magic
 14870 | Lair:2   | Reached XP level 12. HP: 59/59 MP: 13/21
 14876 | Lair:2   | Reached *** piety under Sif Muna
 15106 | Lair:2   | Reached skill level 5 in Invocations
 15249 | Lair:2   | Noticed a five-headed hydra
 15285 | Lair:2   | Killed a five-headed hydra
 15541 | Lair:2   | Found an iron altar of Okawaru.
 15614 | Lair:2   | Reached skill level 5 in Ice Magic
 15751 | Lair:2   | You fall into a shaft and drop 2 floors!
 15922 | Lair:3   | Found a runed translucent door.
 15923 | Lair:3   | Noticed Tised's ghost (journeyman DsAs)
 16133 | Lair:2   | Identified the +0 robe "Ycyan Leg" {Harm +Inv MR- Str+2}
                  | (You found it on level 2 of the Lair of Beasts)
 16617 | Lair:2   | Identified the +6 hand axe of Hasart's Anguish {pain, MR+
                  | Str+4 Int-4} (You found it on level 2 of the Lair of
                  | Beasts)
 17051 | Lair:3   | Found a hole to the Spider Nest.
 17155 | Lair:3   | Reached skill level 5 in Armour
 17502 | Lair:3   | Found a staircase to the Swamp.
 18329 | Lair:4   | Reached **** piety under Sif Muna
 18329 | Lair:4   | Reached skill level 11 in Poison Magic
 19185 | Lair:5   | Noticed a five-headed hydra
 19216 | Lair:5   | Killed a five-headed hydra
 19328 | Lair:5   | Found a blossoming altar of Fedhas.
 19454 | Lair:5   | Reached XP level 13. HP: 63/63 MP: 20/24
 20477 | Lair:6   | Entered Level 6 of the Lair of Beasts
 20793 | Lair:6   | Reached skill level 12 in Poison Magic
 21673 | Lair:6   | Reached ***** piety under Sif Muna
 21825 | Lair:6   | HP: 1/63 [black mamba (11)]
 21825 | Lair:6   | Slain by a black mamba

Illustrated notes

Levels and vault maps discovered:
D:1:      tarquinn_simple_flora_water_b, layout_loops_corners,
          chequers_serial_rivers_micro_a
D:2:      layout_basic, lemuel_doored_altar
D:3:      layout_basic, first_ration, minmay_misc_feat_enclosed
D:4:      layout_basic, grunt_temple_overflow_cloverleaf, serial_shops,
          shop_statue, uniq_blork_the_orc
D:5:      gammafunk_steamed_eel, layout_cave_pools, elyvilon_altar_4
D:6:      layout_rooms, minmay_increasing_density
D:7:      layout_loops_corners, temple_hall, hellmonk_ghost_happy_afterlife
D:8:      layout_cave_pools, kennysheep_little_box, minitemple, uniq_maggie,
          uniq_gastronok, uniq_pikel
D:9:      layout_basic, xom_butterflies, david_lair_shrubbed, uniq_psyche
D:10:     layout_basic
D:11:     layout_layer_cave, orc_david_3
Temple:   minmay_freezing_vapour_temple
Lair:1:   layout_regular_city, lemuel_fruit_tree, grunt_megastairs_1
Lair:2:   lemuel_slime, layout_cave_pods, basic_altar, beast_lair_carwin_7
Lair:3:   layout_regular_city, skrybe_swamp_entry_bodies, dummy_spider_entry,
          gammafunk_ghost_grave
Lair:4:   layout_roguey, serial_bayou_shore_b
Lair:5:   layout_long_grid, tgw_fedhas
Lair:6:   cheibrodos_lair_end_hotspot, layout_hall_layers, slime_altar_1

Skill      XL: |  1  2  3  4  5  6  7  8  9 10 11 12 13 |
---------------+----------------------------------------+-----
Transmutations | 1 2 3 4 5 |  5.0
Dodging        | 2 3 4 5 6 7 |  7.0
Poison Magic   | 4 5 6 8 9 10 11 12 | 12.0
Spellcasting   | 3 4 5 6 7 8 |  8.4
Conjurations   | 1 2 4 5 6 |  6.0
Fire Magic     | 1 2 4 5 |  5.0
Air Magic      | 1 2 3 4 |  4.0
Invocations    | 1 3 4 6 7 |  7.0
Armour         | 2 4 5 |  5.0
Ice Magic      | 4 6 9 |  9.4
Stealth        | |  2.1

Action                   |  1- 3 |  4- 6 |  7- 9 | 10-12 | 13-15 || total
-------------------------+-------+-------+-------+-------+-------++-------
Melee: Unarmed           |     9 |     5 |       |       |       ||    14
       Club              |       |    30 |    26 |       |       ||    56
       Spear             |       |       |   274 |   372 |    89 ||   735
 Cast: Sting             |    68 |   131 |   126 |   128 |    57 ||   510
       Poisonous Vapours |     1 |     1 |    11 |     8 |       ||    21
       Mephitic Cloud    |       |       |     5 |    18 |     2 ||    25
       Ignite Poison     |       |       |    10 |    58 |    16 ||    84
       Olgreb's Toxic Ra |       |       |    14 |    39 |    16 ||    69
       Frozen Ramparts   |       |       |       |     8 |    11 ||    19
Evoke: Wand              |       |       |       |     1 |       ||     1
  Use: Scroll            |       |       |       |     8 |       ||     8
       Potion            |       |       |       |     1 |       ||     1
 Stab: Sleeping          |       |       |       |     3 |       ||     3
  Eat: Chunk             |     3 |     9 |    20 |    25 |     2 ||    59
       Ration            |       |       |       |     4 |     2 ||     6
Armor: Robe              |    12 |    47 |   180 |    77 |       ||   316
       Skin              |       |       |       |     1 |       ||     1
       Swamp dragon scal |       |       |       |   174 |   120 ||   294
Dodge: Dodged            |    24 |    82 |   265 |   324 |   140 ||   835

Table legend:
 A = Non-vault XP
 B = Vault XP
 C = Vault XP percentage of total XP
 D = Non-vault monster count
 E = Vault monster count
 F = Vault count percentage of total count
                 A         B        C        D         E       F
            +---------+---------+-------+---------+---------+-------
      Total |   35909 |   13463 |  27.3 |     328 |      72 |  18.0
            +---------+---------+-------+---------+---------+-------
        D:1 |      32 |       0 |   0.0 |      20 |       0 |   0.0
        D:2 |     149 |       0 |   0.0 |      36 |       0 |   0.0
        D:3 |      63 |       0 |   0.0 |      20 |       0 |   0.0
        D:4 |     736 |      91 |  11.0 |      18 |       1 |   5.3
        D:5 |     713 |     110 |  13.4 |      28 |       2 |   6.7
        D:6 |     557 |      48 |   7.9 |      11 |       4 |  26.7
        D:7 |    1252 |       0 |   0.0 |      20 |       0 |   0.0
        D:8 |    1368 |    3220 |  70.2 |      28 |       3 |   9.7
        D:9 |    1233 |     794 |  39.2 |      33 |       2 |   5.7
       D:10 |    2400 |       0 |   0.0 |      19 |       0 |   0.0
     Lair:1 |    3727 |     361 |   8.8 |      16 |       1 |   5.9
     Lair:2 |    2967 |    2568 |  46.4 |       9 |      35 |  79.5
     Lair:3 |    3507 |     274 |   7.2 |      14 |       1 |   6.7
     Lair:4 |    4156 |       0 |   0.0 |      20 |       0 |   0.0
     Lair:5 |    8248 |     527 |   6.0 |      17 |       1 |   5.6
     Lair:6 |    4801 |    5470 |  53.3 |      19 |      22 |  53.7
            +---------+---------+-------+---------+---------+-------
